 Dungeon Crawl Stone Soup version 0.13-a0-2305-ge00d11d (webtiles) character file.

127 Kae the Basher (level 3, -1/30 HPs)
             Began as a Minotaur Chaos Knight on July 9, 2013.
             Was a Plaything of Xom.
             Killed from afar by a hobgoblin (7 damage)
             ... with a wand of frost
             ... on Level 2 of the Dungeon.
             The game lasted 00:01:04 (1016 turns).

Kae the Basher (Minotaur Chaos Knight)              Turns: 1016, Time: 00:01:04

HP  -1/30        AC  5     Str 17      XL: 3   Next: 82%
MP   2/2         EV 10     Int  9      God: Xom
Gold 67          SH  0     Dex  9      Spells:  0 memorised,  2 levels left

Res.Fire  : . . .   See Invis. : .   a - +0 mace (chaos)
Res.Cold  : . . .   Warding    : .   b - +2 leather armour
Life Prot.: . . .   Conserve   : .   (no shield)
Res.Poison: .       Res.Corr.  : .   (helmet restricted)
Res.Elec. : .       Clarity    : .   (no cloak)
Sust.Abil.: . .     Spirit.Shd : .   (no gloves)
Res.Mut.  : .       Stasis     : .   (no boots)
Res.Rott. : .       Flight     : .   (no amulet)
Saprovore : . . .                    (no ring)
                                     d - ring of sustenance {unknown}

@: mildly poisoned, not resistant to hostile enchantments, very unstealthy
A: retaliatory headbutt, horns 2
a: Renounce Religion


You were on level 2 of the Dungeon.
You worshipped Xom.
You were a toy of Xom.
You were not hungry.

You visited 1 branch of the dungeon, and saw 2 of its levels.

You collected 47 gold pieces.

Inventory:

Hand weapons
 a - a +0,+0 mace of chaos (weapon)
Armour
 b - a +2 leather armour (worn)
Comestibles
 c - 4 bread rations
 g - a choko
Scrolls
 h - a scroll of enchant weapon II {unknown}
 i - a scroll of curse armour {unknown}
 j - 2 scrolls of curse weapon {unknown}
 k - a scroll of remove curse {unknown}
 l - a scroll of teleportation {unknown}
 m - 4 scrolls of identify {unknown}
 q - 2 scrolls of fear {unknown}
Jewellery
 d - a ring of sustenance (left hand) {unknown}
 f - an uncursed ring of sustenance {unknown}
Potions
 e - a potion of confusion {unknown}
 n - a potion of slowing {unknown}
 o - a potion of curing {unknown}
 p - a potion of magic {unknown}


   Skills:
 - Level 3.6 Fighting
 + Level 9.8 Maces & Flails
 - Level 2.4 Armour
 - Level 1.1 Dodging


You had 2 spell levels left.
You didn't know any spells.

Dungeon Overview and Level Annotations

Branches:
Dungeon (2/27)

Altars:
Xom


Innate Abilities, Weirdness & Mutations

You reflexively headbutt those who attack you in melee.
You have a pair of horns on your head.


Message History

You feel sick.
You offer a prayer to Xom.
Xom says: I'm watching you, my silly child.
* * * LOW HITPOINT WARNING * * *
You feel sick.
You start resting.
Eat which item? (? for menu, Esc to quit)
Okay, then.
You are too injured to fight recklessly!
You are too injured to fight recklessly!
You are too injured to fight recklessly!
You are too injured to fight recklessly!
You are too injured to fight recklessly!
You are too injured to fight recklessly!
You are too injured to fight recklessly!
You are too injured to fight recklessly!
You are too injured to fight recklessly!
The hobgoblin shouts!
The hobgoblin zaps a wand.
The puff of frost hits you!
You die...

.......%........ ...#.#
######.######### ##.#.# #.#
#######....# ###.#
#..........#
####...#########..####.#.##
......................(....
##.#############.###########
#.# #.# #.# #@# #.# #.# #.#
#.# ... ..g ### ###


You could see a hobgoblin.

Vanquished Creatures
  An adder (D:2)
  A worm (D:2)
  A giant eyeball (shapeshifter) (D:2)
  A ball python (D:1)
  5 bats
  2 goblins (D:1)
  4 hobgoblins (D:1)
  2 giant geckos
  2 giant newts (D:1)
  3 jackals (D:1)
  2 kobolds
  5 rats (D:1)
29 creatures vanquished.

Notes
Turn   | Place    | Note
--------------------------------------------------------------
     0 | D:1      | Kae, the Minotaur Chaos Knight, began the quest for the Orb.
     0 | D:1      | Reached XP level 1. HP: 17/17 MP: 1/1
   210 | D:1      | Reached skill level 4 in Maces & Flails
   292 | D:1      | XOM: potion effect (experience)
   292 | D:1      | Reached skill level 9 in Maces & Flails
   292 | D:1      | Reached XP level 2. HP: 24/24 MP: 1/1
   343 | D:1      | Reached XP level 3. HP: 20/30 MP: 2/2
   395 | D:1      | XOM: harmless Trmt miscast
   530 | D:1      | XOM: divination: detect creatures
   641 | D:1      | XOM: divination: detect creatures
   751 | D:1      | XOM: silly message
   783 | D:2      | Found a shimmering altar of Xom.
   785 | D:2      | Found a shimmering altar of Xom.
   785 | D:2      | Found a shimmering altar of Xom.
   786 | D:2      | Found a shimmering altar of Xom.
   786 | D:2      | Found a shimmering altar of Xom.
   786 | D:2      | Found a shimmering altar of Xom.
   901 | D:2      | Found a shimmering altar of Xom.
  1016 | D:2      | Killed from afar by a hobgoblin

Action                   || total
-------------------------++-------
Melee: Mace              ||    73
